 Dungeon Crawl Stone Soup version 0.24-a0-640-ge7cd8ce796 (webtiles) character file.

Game seed: 11005542894988012428, levelgen mode: deterministic

139 Dexcius the Firebug (level 5, -6/35 HPs)
             Began as a Demonspawn Fire Elementalist on Sept 25, 2019.
             Killed by divine providence
             ... invoked by an orc priest
              (9 damage)
             ... on level 3 of the Dungeon.
             The game lasted 00:14:17 (2649 turns).

Dexcius the Firebug (Demonspawn Fire Elementalist)  Turns: 2649, Time: 00:14:18

Health: -6/35      AC: 11    Str:  7 (8)  XL:     5   Next: 1%
Magic:  1/9        EV: 13    Int: 14 (17) God:
Gold:   102        SH:  0    Dex: 14      Spells: 5/9 levels left

rFire    . . .     SeeInvis .   d - +3 flail
rCold    . . .     Gourm    .   (no shield)
rNeg     . . .     Faith    .   a - +0 robe
rPois    .         Spirit   .   (no helmet)
rElec    .         Reflect  .   (no cloak)
rCorr    .         Harm     .   (no gloves)
MR       .....                  f - +2 pair of boots
Stlth    ++........             (no amulet)
HPRegen  0.11/turn              (no ring)
MPRegen  0.11/turn              (no ring)

@: sanguine armour
A: hooves 1, sanguine armour 1
a: no special abilities


You were on level 3 of the Dungeon.
You were not hungry.

You visited 1 branch of the dungeon, and saw 3 of its levels.

You collected 102 gold pieces.

Inventory:

Hand Weapons
 d - a +3 flail (weapon)
Armour
 a - a +0 robe (worn)
 f - a +2 pair of boots (worn)
Jewellery
 b - an uncursed ring of protection from fire
Scrolls
 e - a scroll of enchant armour {unknown}
 g - a scroll of identify
Comestibles
 c - 3 rations


   Skills:
   Level 0.4 Short Blades
 + Level 2.3 Dodging
 + Level 2.1 Stealth
 + Level 2.7 Spellcasting
 + Level 1.6 Conjurations
 + Level 4.1 Fire Magic


You had 5 spell levels left.
You knew the following spells:

 Your Spells              Type           Power        Failure   Level  Hunger
a - Flame Tongue          Conj/Fire      ##...        7%          1    #......
b - Conjure Flame         Conj/Fire      ##......     21%         3    ###....

Your spell library contained the following spells:

 Spells                   Type           Power        Failure   Level  Hunger
 Throw Flame              Conj/Fire      ##....       11%         2    ###....
 Inner Flame              Hex/Fire       #.......     28%         3    ###....
 Sticky Flame             Conj/Fire      ##......     56%         4    #####..
 Fireball                 Conj/Fire      ##........   88%         5    ######.


Dungeon Overview and Level Annotations

Branches:
Dungeon (3/15)

Altars:

Annotations:
D:3 3 runed translucent doors, Stiffzip's ghost, amateur OpGl


Innate Abilities, Weirdness & Mutations

You have large cloven feet.
When seriously injured, your bleeding wounds create armour. (AC +6)


Message History

The orc hits you but does no damage.
You hit the orc priest.
The orc priest is severely wounded.
The orc closely misses you.
The orc priest looks braver for a moment.
The orc hits you but does no damage. The orc barely misses you.
You barely miss the orc priest.
The orc priest is severely wounded.
The orc priest closely misses you. The orc hits you but does no damage.
Stiffzip's ghost shouts, "They lied to you.
The Dungeon just goes down and down forever."
The orc barely misses you. The orc priest hits you.
* * * LOW HITPOINT WARNING * * *
The orc hits you but does no damage.
Okay, then.
Okay, then.
e - a scroll labeled MANUCVUXZA The orc barely misses you.
The orc priest invokes the aid of Beogh against you.
Beogh smites you!
You die...

..................# #
.......[..........# #
..................# #
..................###
..............)..>..#
....................#
#######...........))...#
#.....#.o..............#
...♣#@o...........#...
#..(.W+.o...........#...
#(....+.............#...
#...(.+............##...
#.(...#............
#.(..(#...........
#######..........
........... ...........o


You could see an orc priest, Stiffzip's ghost and 2 orcs.

Vanquished Creatures
  A bullfrog skeleton (D:2)
  An orc priest (D:3)
  An adder (D:2)
  A worm (D:2)
  2 dart slugs (D:1)
  2 leopard geckos
  9 orcs (D:3)
  2 giant cockroaches
  8 goblins
  5 hobgoblins (D:2)
  2 quokkas (D:2)
  5 bats
  2 frilled lizards (D:2)
  7 kobolds
  7 rats
55 creatures vanquished.

Notes
Turn   | Place    | Note
-------+----------+-------------------------------------------
     0 | D:1      | Dexcius the Demonspawn Fire Elementalist began the quest
                  | for the Orb.
     0 | D:1      | Reached XP level 1. HP: 13/13 MP: 3/3
   209 | D:1      | Reached skill level 3 in Fire Magic
   232 | D:1      | Gained mutation: You have large cloven feet. [demonic
                  | ancestry]
   232 | D:1      | Reached XP level 2. HP: 9/19 MP: 0/5
  1209 | D:2      | Reached XP level 3. HP: 22/24 MP: 0/6
  1390 | D:2      | Reached XP level 4. HP: 16/30 MP: 2/7
  1612 | D:2      | Learned a level 3 spell: Conjure Flame
  2183 | D:3      | Reached skill level 4 in Fire Magic
  2623 | D:3      | Found a runed translucent gate.
  2623 | D:3      | Found a runed translucent gate.
  2623 | D:3      | Found a runed translucent gate.
  2625 | D:3      | Noticed Stiffzip's ghost (amateur OpGl)
  2638 | D:3      | Gained mutation: When seriously injured, your bleeding
                  | wounds create armour. (AC +6) [demonic ancestry]
  2638 | D:3      | Reached XP level 5. HP: 31/35 MP: 1/9
  2649 | D:3      | Killed from afar by an orc priest

Levels and vault maps discovered:
D:1:      sevenhm_arrival_forest_fort_large_2, layout_basic
D:2:      minmay_chambers_of_twos, layout_rooms
D:3:      layout_basic, first_ration, ebering_ghost_rock_garden, uniq_jessica,
          uniq_purgy

Skill      XL: |  1  2  3  4 |
---------------+-------------+-----
Fire Magic     | 3 4 |  4.1
Dodging        | 2 |  2.3
Stealth        | 2 |  2.1
Short Blades   | |  0.4
Spellcasting   | |  2.7
Conjurations   | |  1.6

Action                   |  1- 3 |  4- 6 || total
-------------------------+-------+-------++-------
Melee: Dagger            |    27 |    29 ||    56
       Flail             |       |     7 ||     7
 Cast: Flame Tongue      |    44 |    48 ||    92
       Conjure Flame     |       |     1 ||     1
  Use: Potion            |       |     4 ||     4
       Scroll            |       |     2 ||     2
  Eat: Ration            |     1 |     1 ||     2
Armor: Robe              |     8 |    14 ||    22
Dodge: Dodged            |    28 |    50 ||    78

Table legend:
 A = Non-vault XP
 B = Vault XP
 C = Vault XP percentage of total XP
 D = Non-vault monster count
 E = Vault monster count
 F = Vault count percentage of total count
                 A         B        C        D         E       F
            +---------+---------+-------+---------+---------+-------
      Total |     199 |       0 |   0.0 |      55 |       0 |   0.0
            +---------+---------+-------+---------+---------+-------
        D:1 |      25 |       0 |   0.0 |      15 |       0 |   0.0
        D:2 |      97 |       0 |   0.0 |      25 |       0 |   0.0
        D:3 |      77 |       0 |   0.0 |      15 |       0 |   0.0
            +---------+---------+-------+---------+---------+-------
